 Dungeon Sprint DCSS version 0.31-a0-986-g5e6e4ef867 (webtiles) character file.

Game seed: 4926266465097957374

13 rocky1 the Ruffian (level 2, -4/18 HPs)
             Began as an Octopode Shapeshifter on Nov 16, 2023.
             Slain by an ufetubus (5 damage)
             ... in the Dungeon (Sprint IX: "|||||||||||||||||||||||||||||").
             The game lasted 00:00:06 (25 turns).

rocky1 the Ruffian (Octopode Shapeshifter)            Turns: 25, Time: 00:00:07

Health: -4/18      AC:  1    Str: 13    XL:     2   Next: 37%
Magic:  2/2        EV: 13    Int: 12    God:
Gold:   0          SH:  0    Dex: 11    Spells: 1/1 levels left

rFire   . .          .
                       - Unarmed
rCold   . . .        (no shield)
rNeg    . . .        (helmet currently unavailable)
rPois   .            (no amulet)
rElec   .            (no ring)
rCorr   .            (no ring)
SInv    .            (no ring)
Will    .....        (no ring)
Stlth   ++           (no ring)
HPRegen 0.23/turn    (no ring)
MPRegen 0.08/turn    (no ring)
                     (no ring)

%: no teleportation
@: beast-form
A: beast (slay +2), almost no armour, amphibious, 8 rings, camouflage 1,
gelatinous body 1, (nimble swimmer 1), tentacles
a: Begin Untransformation


You were in the Dungeon.
You were a hulking beast.
You visited 1 branch

Inventory:

Talismans
 b - a beast talisman
 c - a flux talisman
Scrolls
 i - a scroll of blinking
Potions
 a - a potion of lignification
 d - a potion of curing
 e - a potion of heal wounds
 f - a potion of haste
 g - 2 potions of magic
 h - a potion of berserk rage


   Skills:
 + Level 1.0 Fighting
 + Level 2.5 Dodging
 + Level 4.2 Unarmed Combat
 + Level 4.1 Shapeshifting


You had one spell level left.
You didn't know any spells.
Your spell library was empty.

Dungeon Overview and Level Annotations

Branches:
Dungeon (1/1)

Altars:


Innate Abilities, Weirdness & Mutations

You are a hulking beast.
Your limbs bulge with bestial killing power. (Slay +2)
You cannot wear most types of armour.
You are amphibious.
You can wear up to eight rings at the same time.
Your skin changes colour to match your surroundings (Stealth+).
Your rubbery body absorbs attacks. (AC +1, EV +1)
((You are camouflaged when in or above water. (Stealth+)))
You have tentacles for arms and can constrict up to eight enemies at once.


Message History

The hound barks!
There is an open door here.
You barely miss the orc. You grab the orc.
You constrict the orc, but do no damage.
The orc closely misses you.
You tentacle-slap the orc.
The orc is almost dead.
You constrict the orc, but do no damage.
The orc hits you with a +0 short sword.
You tentacle-slap the orc but do no damage.
You squeeze the orc.
You kill the orc!
You have reached level 2!
You closely miss the ufetubus. You grab the ufetubus. You squeeze the ufetubus!
You kill the ufetubus!
Your Unarmed Combat skill increases to level 4!
Your Shapeshifting skill increases to level 4!
You barely miss the ufetubus. Your grab misses the ufetubus.
Your tentacle-slap misses the ufetubus.
The ufetubus slips past you!
The ufetubus hits you but does no damage.
The ufetubus completely misses you. The ufetubus misses you.
The ufetubus hits you.
You barely miss the hound. You grab the hound. You squeeze the hound.
The hound is lightly wounded.
You constrict the hound. The hound closely misses you. The ufetubus hits you.
The ufetubus barely misses you. The hound barely misses you.
You tentacle-slap the hound. You squeeze the hound.
The hound is heavily wounded.
You constrict the hound. The ufetubus completely misses you.
The ufetubus hits you.
* * * LOW HITPOINT WARNING * * *
The hound bites you.
* * * LOW HITPOINT WARNING * * *
You barely miss the hound.
The hound is heavily wounded.
You constrict the hound, but do no damage.
The ufetubus hits you.
* * * LOW HITPOINT WARNING * * *
The ufetubus hits you.
You die... ▓▓▓▓▓▓▓▓▓▓▓▓▓▓▓▓▓▓ ▓<...†))..5hhh...+ ▓▓▓▓▓▓▓▓▓▓▓▓▓▓▓▓▓▓

You could see 2 hounds and an ufetubus.

Vanquished Creatures
  An ufetubus (D)
  An orc (D)
  2 goblins (D)
  A hobgoblin (D)
  A ball python (D)
  A frilled lizard (D)
7 creatures vanquished.

Notes
Turn   | Place    | Note
-------+----------+-------------------------------------------
     0 | D        | rocky1 the Octopode Shapeshifter began the quest for the
                  | Orb.
     0 | D        | Reached XP level 1. HP: 13/13 MP: 1/1
    16 | D        | Noticed a hound
    16 | D        | Noticed a hound
    21 | D        | Reached XP level 2. HP: 13/18 MP: 2/2
    25 | D        | Slain by an ufetubus

Illustrated notes

Levels and vault maps discovered:
D:        linesprint [early_d, line_temple, items_1, d_10, items_2, lair_1,
          lair_end, items_3, orc_1, orc_end, items_4, d_15, swamp_1, shoals_1,
          snake_1, spider_1, d_20, vaults_1, items_5, swamp_end, shoals_end,
          snake_end, spider_end, vaults_end, d_27, items_6, zot_1, zot_end,
          crypt_end, forest_end, elf_end, slime_end, tomb_end, abyss_end,
          pan_hell_end]

Skill      XL: |  1  2 |
---------------+-------+-----
Unarmed Combat | 4 |  4.2
Shapeshifting  | 4 |  4.1
Fighting       | |  1.0
Dodging        | |  2.5

Action                     || total
---------------------------++-------
  Melee: Unarmed           ||    14
         Constrict         ||     4
         Tentacles         ||     4
         Punch             ||     1
 Armour: Skin              ||    10
  Dodge: Dodged            ||    12

Table legend: (Time is in decaauts)
 A = Elapsed time spent in this place.
 B = Non-inter-level travel time spent in this place.
 C = Inter-level travel time spent in this place.
 D = Time resting spent in this place.
 E = Time spent auto-exploring this place.
 F = Levels seen in this place.
 G = Mean time per level.
                   A        B        C        D        E       F      G
               +--------+--------+--------+--------+--------+-----+--------+
         Total |     24 |     24 |      0 |      0 |      0 |   1 |   24.0 |
       Dungeon |     24 |     24 |      0 |      0 |      0 |   1 |   24.0 |
               +--------+--------+--------+--------+--------+-----+--------+

Top non-repeatable levels by time:
       D: 24 daAuts
